 Dungeon Crawl Stone Soup version 0.26.1-2-gb8aa6d0cf2 (webtiles) character file.

Game seed: 16735868181686836870

88 axecop the Skirmisher (level 4, -2/35 HPs)
             Began as a Demonspawn Abyssal Knight on Mar 24, 2021.
             Was a Believer of Lugonu.
             Slain by an adder (3 damage)
             ... on level 2 of the Dungeon.
             The game lasted 00:03:00 (2819 turns).

axecop the Skirmisher (Demonspawn Abyssal Knight)   Turns: 2819, Time: 00:03:00

Health: -2/35      AC:  3    Str: 14    XL:     4   Next: 29%
Magic:  5/6        EV: 11    Int: 13    God:    Lugonu [**....]
Gold:   46         SH:  0    Dex: 12    Spells: 3/3 levels left

rFire    . . .     SeeInvis .   c - +1 short sword (speed)
rCold    + . .     Faith    +   (no shield)
rNeg     . . .     Spirit   .   b - +0 leather armour
rPois    .         Reflect  .   (helmet restricted)
rElec    .         Harm     .   (no cloak)
rCorr    +         Rampage  .   (no gloves)
Will     .....                  (no boots)
Stlth    +.........             f - amulet of faith
HPRegen  0.11/turn              g - ring of resist corrosion
MPRegen  0.10/turn              (no ring)

@: mighty, brilliant, lethally poisoned (-2 -> -5)
A: antennae 2, cold resistance 1
a: Renounce Religion, Depart the Abyss, Bend Space


You were on level 2 of the Dungeon.
You worshipped Lugonu.
Lugonu was pleased with you.
You visited 1 branch of the dungeon, and saw 3 of its levels.
You visited the Abyss 1 time.

You collected 46 gold pieces.

Inventory:

Hand Weapons
 a - a +1 mace
 c - a +1 short sword of speed (weapon)
 h - a +1 mace of holy wrath
 j - a +4 short sword of flaming
Missiles
 m - 4 poisoned darts (quivered)
Armour
 b - a +0 leather armour (worn)
Jewellery
 f - an amulet of faith (around neck)
 g - a ring of resist corrosion (left hand)
Scrolls
 d - 2 scrolls of identify
 i - a scroll of amnesia {unknown}
 n - 5 scrolls of remove curse
Potions
 e - a potion of brilliance


   Skills:
 + Level 3.5 Fighting
 + Level 2.7 Maces & Flails
 + Level 2.5 Armour
 - Level 0.8 Dodging
 + Level 3.5 Invocations


You had 3 spell levels left.
You didn't know any spells.
Your spell library was empty.

Dungeon Overview and Level Annotations

Branches:
Dungeon (3/15)

Altars:
Fedhas


Innate Abilities, Weirdness & Mutations

You have a pair of antennae on your head.
Your flesh is cold resistant. (rC+)


Message History

* * * LOW HITPOINT WARNING * * *
Unknown command.
Space bends around you!
You blink.
* * * LOW HITPOINT WARNING * * *
You feel sick.
Okay, then.
Throw: 2 throwing nets
Press: ? - help, Q - select action, (/) - cycle Shift-Dir - straight line, f - adder
Aim: an adder (38% to hit)
You throw a throwing net.
The throwing net barely misses the adder.
The adder closely misses you.
Unknown command.
Throw: throwing net
Press: ? - help, Q - select action, (/) - cycle Shift-Dir - straight line, f/p - adder
Aim: an adder (38% to hit)
You throw a throwing net.
The throwing net barely misses the adder.
The adder bites you.
You die...

.........#
.#######.#
########.#
.........#
.######### .# .#
.#################
...<...........>@#
.##############S##
..# #....##.# ..#
#.##.##.#
#########.##.##.##
#................#
#.#######.#####.##
#.# #.......#.#
#.###########.#.#


You could see an adder.

Vanquished Creatures
  2 adders (D:2)
  An ooze (D:1)
  A worm (D:2)
  2 dart slugs
  A leopard gecko (D:2)
  3 giant cockroaches (D:1)
  6 goblins
  2 hobgoblins
  12 jackals
  A quokka (D:3)
  2 ball pythons
  7 bats (D:1)
  6 frilled lizards
  3 kobolds
  4 rats (D:1)
53 creatures vanquished.

Vanquished Creatures (others)
  2 fungi (D:2)
  2 plants (D:2)
4 creatures vanquished.

Grand Total: 57 creatures vanquished

Notes
Turn   | Place    | Note
-------+----------+-------------------------------------------
     0 | Abyss:1  | axecop the Demonspawn Abyssal Knight began the quest for
                  | the Orb.
     0 | Abyss:1  | Reached XP level 1. HP: 18/18 MP: 2/2
    10 | Abyss:1  | Noticed an eidolon
    71 | Abyss:2  | Found a corrupted altar of Lugonu.
    95 | Abyss:3  | Noticed a harpy zombie
   101 | Abyss:3  | Noticed a slime creature
   109 | D:1      | Escaped the Abyss
   679 | D:1      | Gained mutation: You have a pair of small antennae on your
                  | head. [demonic ancestry]
   679 | D:1      | Reached XP level 2. HP: 19/24 MP: 4/4
   793 | D:1      | You fall into a shaft and drop 1 floor!
   890 | D:1      | Reached * piety under Lugonu
  1104 | D:1      | Gained mutation: Your flesh is cold resistant. (rC+)
                  | [demonic ancestry]
  1104 | D:1      | Reached XP level 3. HP: 27/29 MP: 5/5
  1816 | D:2      | Found a blossoming altar of Fedhas.
  2144 | D:2      | Reached ** piety under Lugonu
  2219 | D:2      | Gained mutation: You have a pair of antennae on your head.
                  | [demonic ancestry]
  2219 | D:2      | Reached XP level 4. HP: 29/35 MP: 6/6
  2817 | D:2      | HP: 1/35 [poisoned by an adder]
  2819 | D:2      | Slain by an adder

Illustrated notes

Levels and vault maps discovered:
D:1:      dpeg_arrival_rooms_with_view, layout_basic, minivault_14
D:2:      layout_basic, fedhas_altar_3
D:3:      layout_basic, kennysheep_cluttered_room, minmay_misc_feat_square,
          grunt_ministairs_13, uniq_grinder, uniq_terence

Skill      XL: |  1  2 |
---------------+-------+-----
Maces & Flails | 2 |  2.7
Armour         | 2 |  2.5
Invocations    | 3 |  3.5
Fighting       | |  3.5
Dodging        | |  0.8

Action                   |  1- 3 |  4- 6 || total
-------------------------+-------+-------++-------
Melee: Short sword       |   158 |    37 ||   195
       Mace              |     4 |       ||     4
Throw: Throwing net      |       |     2 ||     2
Invok: Depart the Abyss  |     1 |       ||     1
       Bend Space        |       |     1 ||     1
  Use: Scroll            |     1 |     1 ||     2
       Potion            |       |     3 ||     3
 Stab: Sleeping          |       |     1 ||     1
Armor: Leather armour    |    48 |     7 ||    55
Dodge: Dodged            |   108 |    14 ||   122
